AoeStats
← bryan3020505

Black Forest

507883562Analyzed
3v3 RM · 12d ago on Sep 20, 2026· 63m 26s· 6 players
Game mode
Random Map
Map size
Normal (6 player)
Population
200
Speed
Normal
Resources
Standard
Victory
Conquest
Starting age
Dark Age
Ending age
Imperial Age
RankedLock teamsTeams togetherTeam positionsShared explorationLock speedFull tech treeHidden civsTurbo modeCheats
Victory
Defeat
🇵🇪 Spanish · Peru
630
+19
🇨🇱 Khmer · Chile
586
+21
🇦🇷 Burgundians · Argentina
556
+22
🇺🇸 Mongols · United States
704
-21
🇺🇸 Britons · United States
692
-21
🇺🇸 Franks · United States
677
-20
SouthWarrior260
0:59 Loom
18:07 Feudal Age
21:10 Double-Bit Axe
23:40 Wheelbarrow
22:51 Town Watch
23:07 Fishing Lines
24:29 Horse Collar
28:36 Castle Age
27:23 Gold Mining
27:24 Stone Mining
31:13 Gillnets
32:34 Heavy Plow
33:15 Bow Saw
35:40 Hand Cart
40:01 Imperial Age
38:00 Husbandry
39:31 Gold Shaft Mining
39:31 Stone Shaft Mining
39:29 Caravan
39:50 Fortified Wall
39:31 Guard Tower
39:37 Murder Holes
40:23 Heated Shot
40:51 Masonry
40:03 Man-at-Arms
43:38 Crop Rotation
44:05 Heavy Scorpion
44:12 Elite Ballista Elephant
44:53 Double Crossbow
46:37 Chemistry
46:29 Forging
46:19 Scale Mail Armor
46:25 Scale Barding Armor
46:14 Fletching
46:29 Padded Archer Armor
47:02 Ballistics
48:06 Keep
47:07 Capped Ram
48:30 Tusk Swords
48:59 Pikeman
48:59 Long Swordsman
49:01 Cavalier
50:15 Arson
51:17 Architecture
51:34 Iron Casting
51:55 Conscription
52:01 Bloodlines
52:26 Sappers
53:21 Chain Mail Armor
54:52 Bodkin Arrow
57:27 Light Cavalry
58:35 Elite Skirmisher
F1TRACER
11:25 Wheelbarrow
11:23 Double-Bit Axe
14:30 Gold Mining
18:29 Feudal Age
19:13 Horse Collar
20:09 Fishing Lines
21:27 Bow Saw
23:23 Hand Cart
26:45 Castle Age
25:02 Heavy Plow
26:35 Gillnets
29:58 Gold Shaft Mining
29:14 Stone Mining
30:32 Burgundian Vineyards
31:41 Two-Man Saw
33:28 Crop Rotation
37:52 Imperial Age
36:04 Stone Shaft Mining
36:33 Light Cavalry
37:15 Husbandry
37:30 Forging
37:26 Scale Barding Armor
37:14 Fletching
37:27 Padded Archer Armor
37:29 Scale Mail Armor
38:19 Ballistics
39:05 Conscription
38:39 Cavalier
41:09 Chemistry
41:23 Paladin
41:27 Hussar
44:37 Iron Casting
44:22 Chain Barding Armor
50:27 Blast Furnace
50:03 Plate Barding Armor
aalber
2:53 Loom
13:42 Feudal Age
15:46 Wheelbarrow
15:00 Double-Bit Axe
22:32 Castle Age
22:39 Horse Collar
25:01 Hand Cart
25:04 Fishing Lines
26:34 Bow Saw
34:57 Imperial Age
33:23 Heavy Plow
34:20 Husbandry
34:31 Bloodlines
34:30 Scale Barding Armor
34:26 Padded Archer Armor
34:43 Forging
35:55 Caravan
37:04 Two-Man Saw
36:38 Conscription
36:49 Town Watch
37:48 Chain Barding Armor
37:44 Leather Archer Armor
38:05 Iron Casting
38:09 Hoardings
38:14 Gillnets
38:44 Elite Conquistador
41:03 Stone Mining
41:04 Gold Mining
43:21 Cavalier
44:43 Stone Shaft Mining
45:04 Plate Barding Armor
45:00 Ring Archer Armor
45:31 Blast Furnace
46:33 Ballistics
47:16 Chemistry
45:56 Cavalier
47:40 Paladin
Deathgodxz
7:32 Loom
18:02 Feudal Age
23:49 Castle Age
24:04 Wheelbarrow
24:00 Town Watch
25:15 Caravan
27:13 Double-Bit Axe
30:39 Hand Cart
30:30 Town Patrol
30:47 Bow Saw
30:20 Horse Collar
39:15 Imperial Age
37:22 Padded Archer Armor
37:13 Fletching
38:26 Leather Archer Armor
38:40 Bodkin Arrow
38:58 Nomads
40:58 Parthian Tactics
40:39 Thumb Ring
41:48 Bracer
43:56 Chemistry
43:16 Ballistics
43:08 Fortified Wall
43:09 Masonry
43:05 Siege Engineers
43:36 Elite Mangudai
44:18 Gold Mining
45:08 Bloodlines
44:59 Husbandry
44:22 Light Cavalry
44:39 Capped Ram
47:14 Onager
48:39 Siege Onager
51:21 Hussar
53:37 Drill
bryan3020505
3:36 Loom
13:08 Feudal Age
13:44 Town Watch
14:35 Wheelbarrow
17:27 Double-Bit Axe
21:28 Fishing Lines
22:38 Gold Mining
25:13 Castle Age
23:18 Stone Mining
27:13 Bow Saw
30:00 Gold Shaft Mining
31:47 Gillnets
32:58 Caravan
34:16 Town Patrol
35:44 Hand Cart
39:32 Imperial Age
38:17 Husbandry
38:38 Scale Barding Armor
38:44 Forging
39:16 Pikeman
39:58 Squires
39:48 Arson
40:30 Chain Barding Armor
40:28 Cavalier
42:18 Hoardings
42:09 Conscription
43:35 Chivalry
46:34 Iron Casting
46:34 Plate Barding Armor
47:04 Paladin
49:58 Blast Furnace
56:29 Halberdier
eddieredbull
16:52 Feudal Age
25:17 Castle Age
23:13 Double-Bit Axe
23:23 Gold Mining
25:40 Wheelbarrow
25:43 Padded Archer Armor
26:03 Fletching
28:30 Bow Saw
28:23 Crossbowman
30:56 Leather Archer Armor
32:57 Stone Mining
33:45 Gold Shaft Mining
32:55 Horse Collar
35:29 Bodkin Arrow
44:31 Imperial Age
42:25 Ballistics
42:27 Murder Holes
45:37 Fortified Wall
46:29 Chemistry
45:22 Arrowslits
46:16 Ring Archer Armor
45:47 Bracer
46:31 Yeomen
46:16 Warwolf
45:50 Arbalester
58:27 Heavy Cavalry Archer
Connection lost

Rejoining the realm…

Still unreachable

The connection could not be restored.

Session expired

The server has moved on; the page needs a fresh start.